 Dungeon Crawl Stone Soup version 0.20-a0-689-g860b9ab (webtiles) character file.

686 polly the Shield-Bearer (level 7, -2/44 HPs)
             Began as a Gargoyle Fighter on Feb 20, 2017.
             Was a Follower of Okawaru.
             Slain by an orc warrior
             ... wielding a +0 battleaxe
              (22 damage)
             ... on level 5 of the Dungeon.
             The game lasted 00:04:37 (3688 turns).

polly the Shield-Bearer (Gargoyle Fighter)          Turns: 3688, Time: 00:04:38

Health: -2/44      AC: 19    Str: 20    XL:     7   Next: 62%
Magic:  7/7        EV:  6    Int:  9    God:    Okawaru [*.....]
Gold:   216        SH: 10    Dex: 10    Spells: 6/6 levels left

rFire    . . .     SeeInvis .   a - +0 flail
rCold    . . .     Gourm    .   k - +0 chain mail
rNeg     + . .     Faith    .   c - +0 shield
rPois    ∞         Spirit   .   u - +1 hat
rElec    +         Reflect  .   (no cloak)
rCorr    .         Harm     .   n - +0 pair of gloves
MR       .....                  y - +1 pair of boots
Stlth    ..........             (no amulet)
Regen    0.2/turn               (no ring)
MPRegen  0.1/turn               (no ring)

@: no status effects
A: negative energy resistance 1, electricity resistance, unbreathing,
petrification resistance, rot immunity, AC +4
a: Heroism, Renounce Religion


You were on level 5 of the Dungeon.
You worshipped Okawaru.
Okawaru was aware of your devotion.
You were hungry.

You visited 1 branch of the dungeon, and saw 5 of its levels.

You collected 216 gold pieces.

Inventory:

Hand Weapons
 a - a +0 flail (weapon)
Armour
 c - a +0 shield (worn)
 k - a +0 chain mail (worn)
 n - a +0 pair of gloves (worn)
 u - a +1 hat (worn)
 y - a +1 pair of boots (worn)
Wands
 z - a wand of digging (14/24)
Scrolls
 e - 5 scrolls of teleportation {unknown}
 h - a scroll of fear {unknown}
 i - 4 scrolls of identify {unknown}
 j - 2 scrolls of immolation {unknown}
 l - 2 scrolls of remove curse {unknown}
 o - a scroll of blinking {unknown}
 w - 3 scrolls of fog {unknown}
Potions
 b - a potion of ambrosia {unknown}
 d - a potion of might
 m - 3 potions of curing {unknown}
 p - a potion of haste {unknown}
 q - a potion of magic {unknown}
 t - a potion of brilliance {unknown}
 v - a potion of lignification {unknown}
 x - a potion of heal wounds {unknown}
 B - a potion of flight {unknown}
Books
 s - a book of Beasts

   Spells                             Type                      Level
   a - Summon Butterflies             Summoning                    1
   b - Call Canine Familiar           Summoning                    3
   c - Summon Ice Beast               Ice/Summoning                4
   d - Summon Mana Viper              Hexes/Summoning              5
   e - Summon Hydra                   Summoning                    7
Comestibles
 f - 7 bread rations
 g - 2 fruits
 r - 2 meat rations


   Skills:
 + Level 4.4 Fighting
 + Level 5.5 Maces & Flails
 + Level 5.0 Armour
 + Level 0.8 Dodging
 + Level 5.5 Shields


You had 6 spell levels left.
You didn't know any spells.

Dungeon Overview and Level Annotations

Branches:
Dungeon (5/15)
 Temple: D:4-7

Altars:
Dithmenos
Kikubaaqudgha
Okawaru
The Shining One


Innate Abilities, Weirdness & Mutations

You are resistant to torment.
Your stone body is resilient. (AC +4)
You are immune to poison.
You resist negative energy. (rN+)
You are resistant to electric shocks. (rElec)
You can survive without breathing.
You are immune to petrification.
You are immune to rotting.


Message History

You are too injured to fight recklessly!
You are too injured to fight recklessly!
You are too injured to fight recklessly!
You are too injured to fight recklessly!
You are too injured to fight recklessly!
You are too injured to fight recklessly!
You are too injured to fight recklessly!
You are too injured to fight recklessly!
You are too injured to fight recklessly!
You are too injured to fight recklessly!
You are too injured to fight recklessly!
Unknown command.
Your shield and chain mail prevent you from hitting the orc warrior.
The orc warrior is lightly wounded.
The orc warrior hits you but does no damage.
You hit the orc warrior.
The orc warrior is heavily wounded.
The orc warrior hits you with a battleaxe!!
Ouch! That really hurt!
You die...

#####..########.####
....# #.......#
###.# #.#####.# #+
#.# ##.## ... #.#
#...# .... #.# ##†##
....< #.#####.#
.....o##.((....#
.....oo@.......#
.....o##..$....#
..... #.##.#### ....
#.#### ... #.# #'
#.# # #.# .#


You could see an orc warrior and 3 orcs.

Vanquished Creatures
  An ogre (D:4)
  A centaur (D:5)
  The ghost of dextur the Ducker, an amateur DEAM (D:4)
  Blork the orc (D:5)
  A scorpion (D:5)
  A bullfrog skeleton (D:4)
  2 orc priests (D:3)
  An orc wizard (D:4)
  A worker ant (D:3)
  A hound skeleton (D:4)
  9 adders
  An ooze (D:3)
  3 worms
  2 dart slugs
  4 leopard geckos
  13 orcs
  A ball python (D:1)
  2 giant cockroaches
  5 goblins
  9 hobgoblins
  6 jackals
  5 kobolds
  A quokka (D:4)
  3 bats
  3 frilled lizards
  A leopard gecko skeleton (D:4)
  A quokka skeleton (D:4)
  5 rats
85 creatures vanquished.

Notes
Turn   | Place    | Note
-------+----------+-------------------------------------------
     0 | D:1      | polly the Gargoyle Fighter began the quest for the Orb.
     0 | D:1      | Reached XP level 1. HP: 14/14 MP: 1/1
   209 | D:1      | Reached XP level 2. HP: 19/19 MP: 2/2
   782 | D:2      | Reached XP level 3. HP: 23/23 MP: 3/3
  1207 | D:3      | Reached XP level 4. HP: 28/28 MP: 4/4
  1450 | D:3      | Found an iron altar of Okawaru.
  1470 | D:3      | Became a worshipper of Warmaster Okawaru
  1502 | D:3      | Reached XP level 5. HP: 6/33 MP: 5/5
  2231 | D:4      | Noticed an ogre
  2242 | D:4      | Killed an ogre
  2242 | D:4      | Reached * piety under Okawaru
  2242 | D:4      | Reached XP level 6. HP: 34/38 MP: 6/6
  2530 | D:4      | Noticed dextur's ghost (amateur DEAM)
  2549 | D:4      | Killed dextur's ghost
  2801 | D:4      | Reached skill level 5 in Maces & Flails
  2801 | D:4      | Reached skill level 5 in Shields
  2807 | D:4      | Reached XP level 7. HP: 43/43 MP: 7/7
  2834 | D:4      | Found a glowing golden altar of the Shining One.
  3306 | D:5      | Entered Level 5 of the Dungeon
  3311 | D:5      | Noticed Blork the orc
  3322 | D:5      | Killed Blork the orc
  3441 | D:5      | Found an ancient bone altar of Kikubaaqudgha.
  3492 | D:5      | Found a shadowy altar of Dithmenos.
  3675 | D:5      | Reached skill level 5 in Armour
  3688 | D:5      | Slain by an orc warrior

Vault maps used:
D:1:      dpeg_arrival_prison
D:3:      okawaru_ov_weapons_minmay
D:4:      tso_metal_star, first_bread
D:5:      kiku_gazebo_garden_becter, grunt_dithmenos_smoke_and_mirrors,
          uniq_blork_the_orc

Skill      XL: |  1  2  3  4  5  6  7 |
---------------+----------------------+-----
Shields        | 4 5 |  5.5
Armour         | 4 5 |  5.0
Maces & Flails | 3 4 5 |  5.5
Fighting       | 4 |  4.4
Dodging        | |  0.8

Action                   |  1- 3 |  4- 6 |  7- 9 || total
-------------------------+-------+-------+-------++-------
Melee: Flail             |   121 |   207 |   127 ||   455
  Eat: Chunk             |     1 |     6 |     2 ||     9
Armor: Scale mail        |    32 |       |       ||    32
       Chain mail        |    36 |   149 |    78 ||   263
Dodge: Dodged            |    33 |    50 |    17 ||   100
Block: Shield            |    72 |   119 |    60 ||   251
